 Dungeon Crawl Stone Soup version 0.28-a0-1524-ge72afd5fc6 (webtiles) character file.

Game seed: 18404846969714624002

8 knot the Chopper (level 2, 16/24 HPs)
             Began as a Demonspawn Berserker on Jan 18, 2022.
             Was a Follower of Trog.
             Quit the game on level 1 of the Dungeon.
             The game lasted 00:00:11 (206 turns).

knot the Chopper (Demonspawn Berserker)              Turns: 206, Time: 00:00:12

Health: 16/24      AC:  2    Str: 17    XL:     2   Next: 0%
Magic:  2/2        EV: 12    Int:  8    God:    Trog [*.....]
Gold:   10         SH:  0    Dex: 12    Spells: 1/1 levels left

rFire   . . .      SeeInvis .   a - +0 hand axe
rCold   . . .      Faith    .   (no shield)
rNeg    . . .      Spirit   .   b - +0 animal skin
rPois   .          Reflect  .   (no helmet)
rElec   .          Harm     .   (no cloak)
rCorr   .          Rampage  .   (no gloves)
Will    .....                   (no boots)
Stlth   +.........              (no amulet)
HPRegen 0.08/turn               (no ring)
MPRegen 0.08/turn               (no ring)

@: no status effects
A: weakness stinger 1
a: Renounce Religion, Berserk


You were on level 1 of the Dungeon.
You worshipped Trog.
Trog was aware of your devotion.
You visited 1 branch of the dungeon, and saw 1 of its levels.

You collected 10 gold pieces.

Inventory:

Hand Weapons
 a - a +0 hand axe (weapon)
Armour
 b - a +0 animal skin (worn)


   Skills:
 - Level 3.0 Fighting
 + Level 3.2 Axes
 - Level 1.7 Armour
 - Level 1.7 Dodging


You had one spell level left.
You didn't know any spells.
Your spell library was empty.

Dungeon Overview and Level Annotations

Branches:
Dungeon (1/15)

Altars:


Innate Abilities, Weirdness & Mutations

You have a small tail.


Message History

A bat is nearby!
A frilled lizard comes into view.
The bat barely misses you.
The frilled lizard hisses angrily.
You hit the bat.
You kill the bat!
Trog accepts your kill. The frilled lizard barely misses you.
You barely miss the frilled lizard. The frilled lizard closely misses you.
You hit the frilled lizard.
You kill the frilled lizard!
Trog accepts your kill.
No target in view!
No target in view!
HP restored.
You enter the shallow water.
Moving in this stuff is going to be slow.
You enter the shallow water.
Moving in this stuff is going to be slow.
You open the door.
There is an open door here.
Key pressed, stopping explore.
No target in view!
A kobold comes into view. It is wielding a +0 dagger.
The kobold shouts!
You hear an angry hiss.
A kobold is nearby!
The kobold hits you with a +0 dagger.
You hit the kobold.
The kobold is moderately wounded.
The kobold hits you with a +0 dagger.
You barely miss the kobold.
The kobold is moderately wounded.
The kobold hits you with a +0 dagger.
You hit the kobold.
You kill the kobold!
Trog accepts your kill.
You have reached level 2!
Your demonic ancestry asserts itself...
You grow a small tail.
Are you sure you want to abandon this character and quit the game? (Confirm with "yes".)

. .## ..#
##.#####
......#
.########.....#
......)@......+
.########.....#
#.....# #.....#
#.#..######
#.##......#
#.#.......#
####.#.#.....#
........#.....#


There were no monsters in sight!

Vanquished Creatures
  A dart slug (D:1)
  A goblin (D:1)
  3 bats (D:1)
  A frilled lizard (D:1)
  A kobold (D:1)
  A rat (D:1)
8 creatures vanquished.

Notes
Turn   | Place    | Note
-------+----------+-------------------------------------------
     0 | D:1      | knot the Demonspawn Berserker began the quest for the Orb.
     0 | D:1      | Reached XP level 1. HP: 18/18 MP: 1/1
   206 | D:1      | Gained mutation: You have a small tail. [demonic ancestry]
   206 | D:1      | Reached XP level 2. HP: 16/24 MP: 2/2
   206 | D:1      | Quit the game

Illustrated notes

Levels and vault maps discovered:
D:1:      beargit_arrival_greenhouse, layout_basic,
          chequers_serial_rivers_small_3

Skill      XL: |  1 |
---------------+----+-----
Axes           | 3 |  3.2
Fighting       | |  3.0
Armour         | |  1.7
Dodging        | |  1.7

Action                   || total
-------------------------++-------
Melee: Hand axe          ||    19
Armor: Animal skin       ||     9
Dodge: Dodged            ||    17

Table legend: (Time is in decaauts)
 A = Elapsed time spent in this place.
 B = Non-inter-level travel time spent in this place.
 C = Inter-level travel time spent in this place.
 D = Time resting spent in this place.
 E = Time spent auto-exploring this place.
 F = Levels seen in this place.
 G = Mean time per level.
                   A        B        C        D        E       F      G
               +--------+--------+--------+--------+--------+-----+--------+
         Total |    210 |    210 |      0 |      0 |    166 |   1 |  210.0 |
       Dungeon |    210 |    210 |      0 |      0 |    166 |   1 |  210.0 |
               +--------+--------+--------+--------+--------+-----+--------+

Top non-repeatable levels by time:
     D:1: 210 daAuts
